 Dungeon Crawl Stone Soup version 0.31.0-1-g2c135a0 (webtiles) character file.

Game seed: 10896757488185458024

126 jagoly the Apothecary (level 5, -2/31 HPs)
             Began as an Octopode Alchemist on Jan 24, 2024.
             Killed from afar by an orc wizard (6 damage)
             ... with a magic dart
             ... on level 4 of the Dungeon.
             The game lasted 00:06:24 (520 turns).

jagoly the Apothecary (Octopode Alchemist)           Turns: 520, Time: 00:06:24

Health: -2/31      AC:  1    Str:  7    XL:     5   Next: 10%
Magic:  3/8        EV: 13    Int: 20    God:
Gold:   52         SH:  0    Dex: 12    Spells: 7/8 levels left

rFire   . . .        b - +0 spear
rCold   . . .        (no shield)
rNeg    . . .        (helmet restricted)
rPois   +            (no amulet)
rElec   .            i - ring of poison resistance
rCorr   .            m - ring of see invisible
SInv    +            (no ring)
Will    .....        (no ring)
Stlth   +++          (no ring)
HPRegen 0.25/turn    (no ring)
MPRegen 0.11/turn    (no ring)
                     (no ring)

%: no passive effects
@: no status effects
A: almost no armour, amphibious, 8 rings, camouflage 1, gelatinous body 1,
(nimble swimmer 1), tentacles
a: no special abilities


You were on level 4 of the Dungeon.
You visited 1 branch of the dungeon, and saw 4 of its levels.

You collected 52 gold pieces.

Inventory:

Hand Weapons
 b - a +0 spear (weapon)
 g - a +0 dagger of holy wrath
 h - a +0 spectral dagger
Missiles
 d - 21 stones (quivered)
Jewellery
 i - a ring of poison resistance (left tentacle)
 m - a ring of see invisible (right tentacle)
Scrolls
 c - 3 scrolls of enchant armour {unknown}
 f - a scroll of noise {unknown}
 j - a scroll of teleportation {unknown}
 l - a scroll of identify {unknown}
Potions
 a - 2 potions of magic
 e - a potion of lignification {unknown}
 k - a potion of curing {unknown}


   Skills:
 - Level 2.0 Dodging
 - Level 3.0 Stealth
 - Level 2.0 Spellcasting
 - Level 2.0 Conjurations
 + Level 5.7 Alchemy


You had 7 spell levels left.
You knew the following spells:

 Your Spells              Type           Power      Damage    Failure   Level
a - Sting                 Conj/Alch      68%        1d7       3%          1

Your spell library contained the following spells:

 Spells                   Type           Power      Damage    Failure   Level
 Mercury Vapours          Alch/Air       26%        N/A       8%          2
 Olgreb's Toxic Radiance  Alch           25%        N/A       14%         4
 Mephitic Cloud           Conj/Alch/Air  12%        N/A       16%         3
 Sticky Flame             Fire/Alch      13%        2d5       43%         4


Dungeon Overview and Level Annotations

Branches:
Dungeon (4/15) Zot: 23474
 Temple: D:4-7

Altars:
Okawaru

Shops:
D:4 [


Innate Abilities, Weirdness & Mutations

You cannot wear most types of armour.
You are amphibious.
You can wear up to eight rings at the same time.
Your skin changes colour to match your surroundings (Stealth+).
Your rubbery body absorbs attacks. (AC +1, EV +1)
((You are camouflaged when in or above water. (Stealth+)))
You have tentacles for arms and can constrict up to eight enemies at once.


Message History

You climb upwards.
There is a stone staircase leading down here.
A kobold comes into view. It is wielding a +0 whip.
Found a stone staircase leading down.
The kobold shouts!
You see here a ring of poison resistance.
i - a ring of poison resistance (left tentacle) Cast which spell? (? or * to list)
Aiming: Sting (safe; 4% risk of failure)
Press: ? - help, Shift-Dir - straight line, f - kobold
Aim: a kobold, wielding a +0 whip (64% to hit)
The sting hits the kobold.
The kobold is poisoned.
The kobold is moderately wounded.
You kill the kobold!
Found a spear.
There is a stone staircase leading down here.
You climb downwards.
The orc shouts!
You hear a loud squeak.
There is a stone staircase leading up here.
Cast which spell? (? or * to list)
Aiming: Sting (safe; 4% risk of failure)
Press: ? - help, Shift-Dir - straight line, f - orc wizard
Aim: an orc wizard, wielding a +0 dagger and wearing a +0 robe (asleep, 100% to hit)
The sting hits the orc wizard.
The orc wizard is poisoned.
The orc wizard is moderately wounded.
The orc wizard casts a spell at you. The magic dart hits you.
Cast which spell? (? or * to list)
Aiming: Sting (safe; 4% risk of failure)
Press: ? - help, Shift-Dir - straight line, f/p - orc wizard
Aim: an orc wizard, wielding a +0 dagger and wearing a +0 robe (moderately wounded, poisoned, 64% to hit)
The sting hits the orc.
The orc is poisoned.
The orc is moderately wounded.
Cast which spell? (? or * to list)
Aiming: Sting (safe; 4% risk of failure)
Press: ? - help, Shift-Dir - straight line, f/p - orc wizard
Aim: an orc wizard, wielding a +0 dagger and wearing a +0 robe (heavily wounded, poisoned, 64% to hit)
The sting hits the orc.
The orc looks even sicker.
The orc is almost dead.
The orc hits you with a +0 club.
Reach: b) +0 spear
Press: ? - help, Dir - move target, f/p - orc wizard
Aim: an orc wizard, wielding a +0 dagger and wearing a +0 robe (heavily wounded, poisoned, about 49% to evade your +0 spear)
The orc is in the way.
You barely miss the orc. You grab the orc.
The orc is almost dead.
You constrict the orc.
You kill the orc!
Cast which spell? (? or * to list)
Aiming: Sting (safe; 4% risk of failure)
Press: ? - help, Shift-Dir - straight line, f/p - orc wizard
Aim: an orc wizard, wielding a +0 dagger and wearing a +0 robe (heavily wounded, poisoned, 64% to hit)
The sting hits the orc wizard.
The orc wizard looks even sicker.
The orc wizard is severely wounded.
The orc wizard hits you with a +0 dagger.
Cast which spell? (? or * to list)
Aiming: Sting (safe; 4% risk of failure)
Press: ? - help, Shift-Dir - straight line, f - orc, p - orc wizard
Aim: an orc, wielding a +0 club (71% to hit)
The sting hits the orc.
The orc is poisoned.
The orc is moderately wounded.
You kill the orc wizard!
You have reached level 4!
Reach: b) +0 spear
Press: ? - help, Dir - move target, f/p - orc
Aim: an orc, wielding a +0 club (moderately wounded, poisoned, about 41% to evade your +0 spear)
You hit the orc. Your grab misses the orc.
The orc is severely wounded.
The orc hits you with a +0 club.
* * * LOW HITPOINT WARNING * * *
The orc misses you.
Reach: b) +0 spear
Press: ? - help, Dir - move target, f/p - orc
Aim: an orc, wielding a +0 club (almost dead, poisoned, about 41% to evade your +0 spear)
You hit the orc but do no damage. Your grab misses the orc.
You squeeze the orc.
You kill the orc!
Training target 5.0 for Alchemy reached!
Your Alchemy skill increases to level 5!
You need to enable at least one skill for training.
Things that are here:
a +0 club; an orc corpse An orc comes into view.
It is wielding a +0 short sword.
An orc and a quokka come into view.
Found a scroll labelled XIMAKL FEKUCKU.
Cast which spell? (? or * to list)
You can't see any susceptible monsters within range! (Use Z to cast anyway.)
Things that are here:
a +0 club; an orc corpse
There is a stone staircase leading up here.
Throw: 22 stones
Press: ? - help, Q - select action, (/) - cycle Shift-Dir - straight line, f - quokka
Aim: a quokka (wandering, hasn't noticed you, 38% to hit)
You throw a stone.
The stone hits the quokka but does no damage.
Cast which spell? (? or * to list)
Aiming: Sting (safe; 4% risk of failure)
Press: ? - help, Shift-Dir - straight line, f/p - quokka
Aim: a quokka (64% to hit)
The sting misses the quokka.
Cast which spell? (? or * to list)
Aiming: Sting (safe; 4% risk of failure)
Press: ? - help, Shift-Dir - straight line, f/p - quokka
Aim: a quokka (64% to hit)
The sting misses the quokka.
You hit the quokka but do no damage. You grab the quokka.
You constrict the quokka. The quokka bites you.
You hit the quokka but do no damage. You constrict the quokka.
The quokka barely misses you.
You hit the quokka. Your squeeze misses the quokka.
The quokka is almost dead.
You constrict the quokka.
You kill the quokka!
No target in view!
Things that are here:
a +0 club; an orc corpse A quokka and a bat come into view.
There are monsters nearby!
The bat misses you.
Cast which spell? (? or * to list)
Aiming: Sting (safe; 4% risk of failure)
Press: ? - help, Shift-Dir - straight line, f - quokka
Aim: a quokka (64% to hit)
You miscast Sting.
You are very lightly contaminated with residual magic.
Nothing appears to happen.
The bat closely misses you.
Cast which spell? (? or * to list)
Aiming: Sting (safe; 4% risk of failure)
Press: ? - help, Shift-Dir - straight line, f/p - quokka
Aim: a quokka (64% to hit)
The sting hits the quokka.
The quokka is poisoned.
The quokka is severely wounded.
The bat closely misses you.
You closely miss the quokka. Your grab misses the quokka.
The quokka is severely wounded.
The bat hits you but does no damage. The bat closely misses you.
The quokka bites you.
You hit the quokka.
You kill the quokka!
The bat hits you.
You reach to attack!
You closely miss the bat. The bat hits you but does no damage.
You miss the bat. You grab the bat. You squeeze the bat, but do no damage.
You constrict the bat, but do no damage.
The bat closely misses you.
The bat struggles to escape constriction.
The bat escapes!
You miss the bat. Your grab misses the bat. The bat closely misses you.
The bat completely misses you. The bat hits you but does no damage.
Your magical contamination has completely faded away.
You closely miss the bat. Your grab misses the bat.
The bat hits you but does no damage.
You reach to attack!
You barely miss the bat. The bat closely misses you.
You closely miss the bat. Your grab misses the bat.
Your squeeze misses the bat. The bat barely misses you.
The bat hits you but does no damage.
You miss the bat. You grab the bat. You squeeze the bat.
You kill the bat!
No target in view!
No target in view!
You see here a quokka corpse.
Found a scroll labelled KIRORH ETIACZOAVOU.
A bat comes into view.
You miss the bat. Your grab misses the bat. The bat barely misses you.
The bat hits you but does no damage.
You see here a scroll labelled KIRORH ETIACZOAVOU.
You reach to attack!
You miss the bat. The bat hits you but does no damage.
You reach to attack!
You closely miss the bat. The bat hits you.
You reach to attack!
You closely miss the bat. The bat misses you.
You hit the bat. You grab the bat. You squeeze the bat.
You kill the bat!
c - 2 scrolls labelled KIRORH ETIACZOAVOU (gained 1)
You see here a bat corpse.
You open the door.
An adder comes into view.
There is an open door here.
The helpless adder fails to defend itself.
You hit the adder. Your grab misses the adder.
The adder is lightly wounded.
The adder bites you. x2
Cast which spell? (? or * to list)
Aiming: Sting (safe; 4% risk of failure)
Press: ? - help, Shift-Dir - straight line, f - adder
Aim: an adder (lightly wounded, 57% to hit)
The sting misses the adder.
The adder bites you but does no damage.
Cast which spell? (? or * to list)
Aiming: Sting (safe; 4% risk of failure)
Press: ? - help, Shift-Dir - straight line, f/p - adder
Aim: an adder (lightly wounded, 57% to hit)
The sting hits the adder.
The adder is poisoned.
The adder is moderately wounded.
The adder barely misses you.
Cast which spell? (? or * to list)
Aiming: Sting (safe; 4% risk of failure)
Press: ? - help, Shift-Dir - straight line, f/p - adder
Aim: an adder (moderately wounded, poisoned, 57% to hit)
The sting hits the adder.
The adder looks even sicker.
The adder is severely wounded.
The adder completely misses you. The adder barely misses you.
You hit the adder. Your grab misses the adder. You squeeze the adder.
You kill the adder!
No target in view!
There is an open door here.
You open the door.
A ball python comes into view.
There is an open door here.
The helpless ball python fails to defend itself.
You hit the ball python. Your grab misses the ball python.
Your squeeze misses the ball python.
The ball python is moderately wounded.
The ball python misses you. The ball python grabs you.
The ball python constricts you. The ball python misses you.
The ball python constricts you.
You barely miss the ball python. You grab the ball python.
The ball python is moderately wounded.
You constrict the ball python. The ball python barely misses you.
The ball python constricts you.
You hit the ball python.
You kill the ball python!
No target in view!
No target in view!
There is an open door here.
Found a ring mail.
As you open the door, it creaks loudly!
Found a scroll labelled SEYNO OBARR.
There is an open door here.
You open the door.
A ball python comes into view.
The ball python hisses angrily.
There is an open door here.
You barely miss the ball python. Your grab misses the ball python.
The ball python bites you. The ball python misses you.
You hit the ball python. You grab the ball python.
The ball python is heavily wounded.
You constrict the ball python, but do no damage.
The ball python barely misses you. The ball python misses you.
You hit the ball python. You squeeze the ball python.
You kill the ball python!
No target in view!
No target in view!
There is an open door here.
You open the door.
An adder comes into view.
There is an open door here.
Cast which spell? (? or * to list)
Aiming: Sting (safe; 3% risk of failure)
Press: ? - help, Shift-Dir - straight line, f - adder
Aim: an adder (asleep, 100% to hit)
The sting hits the adder.
The adder is poisoned.
The adder is heavily wounded.
You hit the adder. Your grab misses the adder. You squeeze the adder.
You kill the adder!
No target in view!
You open the door.
A ball python comes into view.
Cast which spell? (? or * to list)
Aiming: Sting (safe; 3% risk of failure)
Press: ? - help, Shift-Dir - straight line, f - ball python
Aim: a ball python (asleep, 100% to hit)
The sting hits the ball python.
The ball python is poisoned.
You kill the ball python!
There is an open door here.
j - a scroll labelled SEYNO OBARR You open the door.
Found a scroll labelled KIRORH ETIACZOAVOU.
There is an open door here.
c - 3 scrolls labelled KIRORH ETIACZOAVOU (gained 1)
You open the door.
Found a metallic ruby potion.
There is an open door here.
k - a metallic ruby potion You open the door.
There is an open door here.
You open the door.
Found a potion of magic.
There is an open door here.
a - 2 potions of magic (gained 1)
There is an open door here.
You open the door.
A ball python comes into view.
There is an open door here.
The helpless ball python fails to defend itself.
You hit the ball python.
You kill the ball python!
No target in view!
There is an open door here.
There is an open door here.
A rat comes into view.
There is an open door here.
You open the door.
An adder comes into view.
The rat squeaks loudly.
The adder hisses angrily.
There is an open door here.
Cast which spell? (? or * to list)
Aiming: Sting (safe; 3% risk of failure)
Press: ? - help, Shift-Dir - straight line, f - adder
Aim: an adder (57% to hit)
The sting misses the adder.
The adder misses you. The adder barely misses you.
Cast which spell? (? or * to list)
Aiming: Sting (safe; 3% risk of failure)
Press: ? - help, Shift-Dir - straight line, f/p - adder
Aim: an adder (57% to hit)
The sting hits the adder.
The adder is poisoned.
The adder is heavily wounded.
The adder barely misses you.
You hit the adder. Your grab misses the adder. Your squeeze misses the adder.
The adder is heavily wounded.
The adder barely misses you.
You closely miss the adder. Your grab misses the adder.
The adder is severely wounded.
The adder closely misses you. The adder barely misses you.
The rat barely misses you.
You closely miss the adder. Your grab misses the adder.
The adder is severely wounded.
The adder misses you. The rat barely misses you.
You closely miss the adder. Your grab misses the adder.
The adder is severely wounded.
The adder bites you. The adder misses you. The rat misses you.
You hit the adder.
You kill the adder!
The rat bites you.
You hit the rat.
You kill the rat!
No target in view!
No target in view!
You open the door.
A ball python comes into view.
There is an open door here.
The ball python hisses angrily.
The ball python misses you. The ball python barely misses you.
The ball python bites you. The ball python closely misses you.
You closely miss the ball python. You grab the ball python.
You constrict the ball python. The ball python bites you.
The ball python grabs you. The ball python constricts you.
You hit the ball python.
You kill the ball python!
No target in view!
There is an open door here.
You open the door.
A ball python comes into view.
There is an open door here.
The helpless ball python fails to defend itself.
You hit the ball python.
You kill the ball python!
No target in view!
No target in view!
There is an open door here.
You open the door.
Found a scroll labelled ENGATHRACOS.
There is an open door here.
l - a scroll labelled ENGATHRACOS
There is an open door here.
There is an open door here.
You see here a +0 ring mail.
HP restored.
An orc comes into view. It is wielding a +0 mace.
Found a stone staircase leading down.
The orc moves out of view.
Cast which spell? (? or * to list)
Aiming: Sting (safe; 3% risk of failure)
Press: ? - help, Shift-Dir - straight line, f - orc
Aim: an orc, wielding a +0 mace (74% to hit)
The sting hits the orc.
The orc is poisoned.
You kill the orc!
You have reached level 5!
You feel clever.
You now have 52 gold pieces (gained 13).
Things that are here:
a +0 mace; an orc corpse
There is a stone staircase leading down here.
You climb downwards.
You hear the sound of rushing water.
There is an entrance to a sewer on this level.
Hurry and find it before the portal rusts away!
The adder hisses angrily.
Found a robe.
Found Etueqyc's Antique Armour Boutique.
Found a stone staircase leading up.
There is a stone staircase leading up here.
Cast which spell? (? or * to list)
Aiming: Sting (safe; 3% risk of failure)
Press: ? - help, Shift-Dir - straight line, f - adder
Aim: an adder (57% to hit)
The sting hits the adder.
The adder is poisoned.
The adder is moderately wounded.
You barely miss the adder. Your grab misses the adder.
The adder is moderately wounded.
The adder bites you but does no damage.
You miss the adder. You grab the adder. You squeeze the adder.
The adder is almost dead.
You constrict the adder, but do no damage.
The adder bites you.
You are poisoned.
The adder poisons you! The adder barely misses you.
You hit the adder.
You kill the adder!
You feel sick.
You feel sick.
You feel sick.
You feel sick.
There is an entrance to Etueqyc's Antique Armour Boutique here.
You feel sick.
You are no longer poisoned.
There is a fountain of clear blue water here.
There is a stone staircase leading up here.
You climb upwards.
Found 14 gold pieces and an orange potion.
There is a stone staircase leading down here.
The ribbon worm expels a string of sticky webbing.
The stream of webbing misses you.
You climb downwards.
You hear the sound of rushing water.
There is an entrance to a sewer on this level.
Hurry and find it before the portal rusts away!
There is a stone staircase leading up here.
You open the door.
Found a large coral ring.
There is an open door here.
An orc and an orc wizard come into view.
The orc wizard is wielding a +1 dagger of flaming.
The orc shouts!
You see here a ring of see invisible.
m - a ring of see invisible (right tentacle)
An orc comes into view. It is wielding a +0 whip.
Cast which spell? (? or * to list)
Aiming: Sting (safe; 3% risk of failure)
Press: ? - help, Shift-Dir - straight line, f - orc
Aim: an orc, wielding a +0 flail (74% to hit)
The sting hits the orc.
The orc is poisoned.
The orc is heavily wounded.
You completely miss the orc. You grab the orc. You squeeze the orc.
You kill the orc!
Things that are here:
a +0 flail; an orc corpse Throw: 21 stones
Press: ? - help, Q - select action, (/) - cycle Shift-Dir - straight line, f - orc wizard
Aim: an orc wizard, wielding a +1 dagger of flaming and wearing a +0 robe (wandering, hasn't noticed you, 43% to hit)
Okay, then.
Cast which spell? (? or * to list)
Aiming: Sting (safe; 3% risk of failure)
Press: ? - help, Shift-Dir - straight line, f - orc wizard
Aim: an orc wizard, wielding a +1 dagger of flaming and wearing a +0 robe (wandering, hasn't noticed you, 67% to hit)
The sting misses the orc wizard.
The orc wizard shouts!
Cast which spell? (? or * to list)
Aiming: Sting (safe; 3% risk of failure)
Press: ? - help, Shift-Dir - straight line, f/p - orc wizard
Aim: an orc wizard, wielding a +1 dagger of flaming and wearing a +0 robe (67% to hit)
The sting hits the orc wizard but does no damage.
The orc wizard is poisoned.
The orc wizard casts a spell.
The orc wizard flickers and vanishes for a moment.
Cast which spell? (? or * to list)
Aiming: Sting (safe; 3% risk of failure)
Press: ? - help, Shift-Dir - straight line, f/p - orc wizard
Aim: an orc wizard, wielding a +1 dagger of flaming and wearing a +0 robe (lightly wounded, slightly transparent, poisoned, 67% to hit)
The sting hits the orc wizard but does no damage.
The orc wizard looks even sicker.
The orc wizard is lightly wounded.
You hit the orc wizard but do no damage.
Your grab misses the orc wizard.
The orc wizard is lightly wounded.
The orc wizard gestures at you while chanting.
You are confused.
You bump into the rock wall.
The orc wizard hits you with a +1 dagger of flaming.
The orc wizard burns you.
You miss the orc wizard.
The orc wizard is lightly wounded.
The orc misses you.
The orc wizard hits you with a +1 dagger of flaming.
The orc wizard burns you.
You're too confused to move!
The orc closely misses you. The orc wizard completely misses you.
You're too confused to move!
The orc closely misses you.
The orc wizard hits you with a +1 dagger of flaming.
The orc wizard burns you.
* * * LOW HITPOINT WARNING * * *
The orc hits you with a +0 whip.
* * * LOW HITPOINT WARNING * * *
You bump into the rock wall.
You feel less confused.
The orc wizard hits you with a +1 dagger of flaming.
* * * LOW HITPOINT WARNING * * *
The orc wizard burns you.
* * * LOW HITPOINT WARNING * * *
The orc misses you.
Cast which spell? (? or * to list)
Aiming: Sting (safe; 3% risk of failure)
Press: ? - help, Shift-Dir - straight line, f/p - orc wizard
Aim: an orc wizard, wielding a +1 dagger of flaming and wearing a +0 robe (heavily wounded, slightly transparent, poisoned, 67% to hit)
The sting misses the orc wizard.
The orc wizard gestures at you while chanting.
The puff of flame misses you. The orc hits you with a +0 whip.
* * * LOW HITPOINT WARNING * * *
Cast which spell? (? or * to list)
Aiming: Sting (safe; 3% risk of failure)
Press: ? - help, Shift-Dir - straight line, f/p - orc wizard
Aim: an orc wizard, wielding a +1 dagger of flaming and wearing a +0 robe (heavily wounded, slightly transparent, poisoned, 67% to hit)
The sting hits the orc wizard.
The orc wizard looks even sicker.
The orc wizard is heavily wounded.
The orc wizard gestures at you while chanting.
The magic dart hits you.
You die...

##.......##
##.....##
##...##
##'## #.#
##)######≈.
#........≈≈
##..o#.##...
#...@o.#
##...#.#
#..##.#
..... #
###.## #. #.
##


You could see an orc wizard (invisible, very poisoned) and an orc.

Vanquished Creatures
  Jessica (D:2)
  An orc wizard (D:3)
  4 adders
  A dart slug (D:2)
  4 orcs
  2 bats (D:3)
  2 endoplasms
  A giant cockroach (D:1)
  A goblin (D:1)
  5 jackals
  2 quokkas (D:3)
  6 ball pythons (D:3)
  2 frilled lizards (D:2)
  A kobold (D:2)
  A rat (D:3)
34 creatures vanquished.

Notes
Turn   | Place    | Note
-------+----------+-------------------------------------------
     0 | D:1      | jagoly the Octopode Alchemist began the quest for the Orb.
     0 | D:1      | Reached XP level 1. HP: 11/11 MP: 3/3
    85 | D:1      | Reached XP level 2. HP: 12/17 MP: 3/5
   126 | D:2      | Noticed Jessica
   139 | D:2      | Killed Jessica
   140 | D:2      | Reached skill level 4 in Alchemy
   140 | D:2      | Reached XP level 3. HP: 21/21 MP: 0/6
   177 | D:3      | Found an iron altar of Okawaru.
   220 | D:3      | Reached XP level 4. HP: 17/27 MP: 1/7
   222 | D:3      | Reached skill level 5 in Alchemy
   469 | D:3      | Reached XP level 5. HP: 31/31 MP: 6/8
   475 | D:4      | Found Etueqyc's Antique Armour Boutique.
   520 | D:4      | Killed from afar by an orc wizard

Illustrated notes

Levels and vault maps discovered:
D:1:      dpeg_arrival_stone_temple_mockup, layout_basic
D:2:      layout_rooms, minmay_puff, uniq_jessica, uniq_terence
D:3:      layout_loops_ring, grunt_dithmenos_smoke,
          chequers_temple_overflow_statue_of_worship,
          hellmonk_okawaru_the_only_friend_you_need, st_stairs_11,
          minmay_snake_closets, uniq_crazy_yiuf_cottage
D:4:      layout_loops_corners, mainiacjoe_overflow_alcove_2, elyvilon_altar_1,
          minmay_temple_entry_slanted, serial_shops,
          nicolae_shop_temple_entry_statues_fountains, portal_sewer_entry_e,
          chequers_serial_rivers_micro_d

Skill      XL: |  1  2  3  4 |
---------------+-------------+-----
Stealth        | 3 |  3.0
Conjurations   | 2 |  2.0
Alchemy        | 4 5 |  5.7
Dodging        | |  2.0
Spellcasting   | |  2.0

Action                     |  1- 3 |  4- 6 || total
---------------------------+-------+-------++-------
  Melee: Spear             |    18 |    44 ||    62
         Tentacles         |     4 |     9 ||    13
         Constrict         |     4 |     9 ||    13
  Throw: Stone             |       |     1 ||     1
   Cast: Sting             |    17 |    18 ||    35
   Stab: Sleeping          |       |     4 ||     4
 Armour: Skin              |     7 |    29 ||    36
  Dodge: Dodged            |    10 |    44 ||    54
